 Dungeon Crawl Stone Soup version 0.29-a0-221-gceb61267dd (webtiles) character file.

Game seed: 8336273464426790426

2 anonymouscript the Covered (level 1, -1/18 HPs)
             Began as a Human Fighter on Feb 27, 2022.
             Slain by a quokka (2 damage)
             ... on level 1 of the Dungeon.
             The game lasted 00:00:32 (245 turns).

anonymouscript the Covered (Human Fighter)           Turns: 245, Time: 00:00:32

Health: -1/18      AC:  6    Str: 16    XL:     1   Next: 33%
Magic:  1/1        EV:  8    Int:  8    God:
Gold:   0          SH:  4    Dex: 12    Spells: 0/0 levels left

rFire   . . .      SeeInvis .   a - +0 long sword
rCold   . . .      Faith    .   c - +0 buckler
rNeg    . . .      Spirit   .   b - +0 scale mail
rPois   .          Reflect  .   (no helmet)
rElec   .          Harm     .   (no cloak)
rCorr   .          Rampage  .   (no gloves)
Will    .....                   (no boots)
Stlth   ..........              (no amulet)
HPRegen 0.06/turn               (no ring)
MPRegen 0.07/turn               (no ring)

@: no status effects
A: no striking features
a: no special abilities


You were on level 1 of the Dungeon.
You visited 1 branch of the dungeon, and saw 1 of its levels.

Inventory:

Hand Weapons
 a - a +0 long sword (weapon)
Armour
 b - a +0 scale mail (worn)
 c - a +0 buckler (worn)
Scrolls
 e - a scroll of blinking {unknown}
 f - 3 scrolls of fog {unknown}
Potions
 d - a potion of might
 g - a potion of degeneration {unknown}


   Skills:
 + Level 3.0 Fighting
 + Level 2.0 Long Blades
 + Level 3.1 Armour
 + Level 3.0 Shields


You couldn't memorise any spells.
You didn't know any spells.
Your spell library was empty.

Dungeon Overview and Level Annotations

Branches:
Dungeon (1/15)

Altars:

Shops:
D:1 *


Message History

The goblin shouts!
You miss the goblin. The goblin misses you.
The goblin hits you but does no damage.
You hit the goblin.
You kill the goblin!
You see here a +0 club.
f - 3 scrolls labelled WISUTOELOF
g - an orange potion A goblin and a kobold come into view.
The kobold shouts!
A quokka comes into view.
A giant cockroach comes into view.
A bat comes into view.
A quokka comes into view.
The kobold hits you with a +0 short sword.
The kobold hits you with a +0 short sword.
You hit the kobold.
You kill the kobold!
You barely miss the quokka. The quokka bites you.
You block the quokka's attack.
The quokka twitches its whiskers.
You barely miss the quokka. You block the quokka's attack.
The quokka closely misses you.
You miss the quokka. The quokka bites you.
* * * LOW HITPOINT WARNING * * *
The quokka barely misses you.
You hit the quokka.
The quokka is lightly wounded.
The quokka bites you.
* * * LOW HITPOINT WARNING * * *
You block the quokka's attack.
The quokka bites you but does no damage.
The quokka bites you.
* * * LOW HITPOINT WARNING * * *
The bat hits you but does no damage. The bat hits you but does no damage.
The quokka bites you.
* * * LOW HITPOINT WARNING * * *
The quokka twitches its whiskers.
The quokka bites you.
You die...

........# # #....#.# ........#
#. ##.##########.# #....... ..
.....[.........# #.#...
#.#.##.##...#######
###.#.#+######.......#...#
............. ..#....#...###
###.#r#.##### #.#...#......#
#.#b# #######.#...#......#
#.#.# ........@...#......#####
#.#.#####.###r##.>.......'...#
#.#rbB.r....#b# ###......###.#
#.######..#b#.# ######## #.#
#.# #..#.#B# #.#
###.######..#.#.# #.#
...........r..gr# #.#
###.#######.##### #.#
............# #.#


You could see 2 quokkas, a giant cockroach, a goblin and a bat.

Vanquished Creatures
  A goblin (D:1)
  A kobold (D:1)
2 creatures vanquished.

Notes
Turn   | Place    | Note
-------+----------+-------------------------------------------
     0 | D:1      | anonymouscript the Human Fighter began the quest for the
                  | Orb.
     0 | D:1      | Reached XP level 1. HP: 18/18 MP: 1/1
    58 | D:1      | Found Taumig's General Store.
   245 | D:1      | Slain by a quokka

Illustrated notes

Levels and vault maps discovered:
D:1:      minmay_arrival_arboretum_small, layout_basic, serial_shops, shop,
          minmay_pentomino_p4

Action                   || total
-------------------------++-------
Melee: Long sword        ||     7
Armor: Scale mail        ||     4
Dodge: Dodged            ||     3
Block: Buckler           ||     3

Table legend: (Time is in decaauts)
 A = Elapsed time spent in this place.
 B = Non-inter-level travel time spent in this place.
 C = Inter-level travel time spent in this place.
 D = Time resting spent in this place.
 E = Time spent auto-exploring this place.
 F = Levels seen in this place.
 G = Mean time per level.
                   A        B        C        D        E       F      G
               +--------+--------+--------+--------+--------+-----+--------+
         Total |    247 |    247 |      0 |      0 |    197 |   1 |  247.0 |
       Dungeon |    247 |    247 |      0 |      0 |    197 |   1 |  247.0 |
               +--------+--------+--------+--------+--------+-----+--------+

Top non-repeatable levels by time:
     D:1: 247 daAuts
